 Dungeon Crawl Stone Soup version 0.30.0-30-g96aa6591b8 (webtiles) character file.

Game seed: 6157121690762482799

93 rj54x the Trooper (level 4, 0/40 HPs)
             Began as a Hill Orc Fighter on June 29, 2023.
             Slain by a gnoll
             ... wielding a +0 flail
              (3 damage)
             ... on level 4 of the Dungeon.
             The game lasted 00:17:46 (2823 turns).

rj54x the Trooper (Hill Orc Fighter)                Turns: 2823, Time: 00:17:46

Health: 0/40       AC:  7    Str: 18    XL:     4   Next: 62%
Magic:  4/4        EV:  9    Int:  8    God:
Gold:   208        SH:  4    Dex: 12    Spells: 3/3 levels left

rFire   . . .        l - +2 mace (venom)
rCold   . . .        c - +0 buckler
rNeg    . . .        b - +0 scale mail
rPois   +            (no helmet)
rElec   .            (no cloak)
rCorr   .            (no gloves)
SInv    .            (no boots)
Will    .....        s - amulet of regeneration Stlth
                     q - ring of poison resistance
HPRegen 1.06/turn    (no ring)
MPRegen 0.09/turn

%: no passive effects
@: no status effects
A: no striking features
a: no special abilities


You were on level 4 of the Dungeon.
You visited 1 branch of the dungeon, and saw 4 of its levels.

You collected 208 gold pieces.

Inventory:

Hand Weapons
 a - a +0 war axe
 e - a +0 falchion
 j - a +0 sling
 l - a +2 mace of venom (weapon)
 C - a +3 dagger
Missiles
 i - 19 poisoned darts (quivered)
 n - 40 stones
Armour
 b - a +0 scale mail (worn)
 c - a +0 buckler (worn)
 f - a +0 scale mail
Magical Staves
 t - a staff of earth
 y - a staff of poison
 D - a staff of poison
Jewellery
 g - a ring of wizardry
 q - a ring of poison resistance (left hand)
 s - an amulet of regeneration (around neck)
Scrolls
 k - a scroll of fear {unknown}
 m - a scroll of enchant armour {unknown}
 o - 2 scrolls of teleportation {unknown}
 u - a scroll of vulnerability {unknown}
 v - a scroll of brand weapon {unknown}
 z - a scroll of identify {unknown}
 A - a scroll of noise {unknown}
Potions
 d - 2 potions of flight {unknown}
 h - a potion of degeneration {unknown}
 p - a potion of mutation {unknown}
 r - a potion of resistance {unknown}
 w - a potion of ambrosia
 x - a potion of magic {unknown}
 B - a potion of attraction {unknown}


   Skills:
 + Level 4.2 Fighting
 + Level 3.6(3.8) Axes
 + Level 1.2(2.3) Maces & Flails
 + Level 4.2 Armour
 + Level 0.2 Dodging
 + Level 0.1 Stealth
 + Level 3.7 Shields


You had 3 spell levels left.
You didn't know any spells.
Your spell library contained the following spells:

 Spells                   Type           Power      Damage    Failure   Level
 Sandblast                Erth           0%         2d4       86%         1
 Passwall                 Tmut/Erth      0%         N/A       94%         2
 Ozocubu's Armour         Ice            0%         N/A       99%         3
 Stone Arrow              Conj/Erth      0%         3d7       99%         3
 Ozocubu's Refrigeration  Ice            0%         4d7       100%        7


Dungeon Overview and Level Annotations

Branches:
Dungeon (4/15)
 Temple: D:4-7

Altars:
Xom


Message History

You sock the gnoll!
You kill the gnoll!
You block the gnoll's attack.
The gnoll hits you from afar with a +0 spear.
The gnoll hits you but does no damage.
You see here a +0 flail.
You hit the gnoll.
The gnoll is heavily wounded.
The gnoll hits you but does no damage. The gnoll hits you with a +0 spear.
You hit the gnoll.
The gnoll is poisoned.
The gnoll is almost dead.
You kill the gnoll!
The gnoll closely misses you.
The gnoll hits you from afar with a +0 spear.
The gnoll hits you with a +0 flail!
You are too injured to fight recklessly!
You are too injured to fight recklessly!
You are too injured to fight recklessly!
You are too injured to fight recklessly!
You are too injured to fight recklessly!
The gnoll attacks as you move away! The gnoll barely misses you.
The gnoll attacks as you move away! The gnoll closely misses you.
The gnoll attacks as you move away! The gnoll barely misses you.
You are too injured to fight recklessly!
You are too injured to fight recklessly!
You are too injured to fight recklessly!
You are too injured to fight recklessly!
You are too injured to fight recklessly!
The gnoll hits you with a +0 flail. The gnoll barely misses you.
You see here a +0 dagger.
The gnoll attacks as you move away! The gnoll hits you with a +0 flail.
The gnoll attacks as you move away! The gnoll hits you with a +0 flail!
The gnoll attacks as you move away! The gnoll hits you with a +0 flail.
* * * LOW HITPOINT WARNING * * *
The gnoll attacks as you move away! You block the gnoll's attack.
The gnoll hits you with a +0 flail!
* * * LOW HITPOINT WARNING * * *
The gnoll attacks as you move away! The gnoll hits you with a +0 flail.
You die...

#.. #)# ..♣♣+++♣♣..# #)#
#........#.###.# #.#
##..............### #.#
#................. #.#
#..........#....# #.#
#..........#....#
#.###..........#....#
#...#..g.@.....#....#####
###..)..g................
#####......###....#####
######## #.<..# #....#
######


You could see 2 gnolls.

Vanquished Creatures
  2 gnolls (D:4)
  A worm (D:2)
  4 dart slugs
  2 orcs (D:3)
  3 endoplasms
  6 giant cockroaches
  8 goblins
  7 hobgoblins
  7 kobolds
  6 ball pythons
  2 bats (D:2)
  5 frilled lizards
  4 rats
57 creatures vanquished.

Notes
Turn   | Place    | Note
-------+----------+-------------------------------------------
     0 | D:1      | rj54x the Hill Orc Fighter began the quest for the Orb.
     0 | D:1      | Reached XP level 1. HP: 19/19 MP: 1/1
    71 | D:1      | Reached XP level 2. HP: 25/27 MP: 2/2
   974 | D:1      | Reached XP level 3. HP: 33/33 MP: 3/3
  1175 | D:1      | You fall into a shaft and drop 1 floor!
  1207 | D:2      | Found a faded altar of an unknown god.
  2213 | D:3      | Reached XP level 4. HP: 34/40 MP: 4/4
  2425 | D:3      | Reached skill level 1 in Maces & Flails
  2635 | D:3      | Found a stormy altar of Qazlal.
  2637 | D:3      | Found a shimmering altar of Xom.
  2637 | D:3      | Found a burning altar of Makhleb.
  2639 | D:3      | Found a shimmering altar of Xom.
  2639 | D:3      | Found a radiant altar of Vehumet.
  2639 | D:3      | Found a basalt altar of Yredelemnul.
  2823 | D:4      | Slain by a gnoll

Illustrated notes

Levels and vault maps discovered:
D:1:      eino_arrival_water_cross, layout_rooms, minmay_misc_feat_five,
          hex_medium, minmay_misc_feat_x
D:2:      layout_basic, chequers_ecumenical_altar_simple,
          nicolae_elevator_lobby_asterisk
D:3:      minmay_recursive_quarters, layout_basic, doesnt_xom_only_xom,
          lightli_temple_of_fire, corexii_corridor_pit, hex_tiny
D:4:      layout_rooms, grunt_temple_overflow_diamond, hellmonk_no_cap,
          uniq_duvessa

Skill      XL: |  1  2  3  4 |
---------------+-------------+-----
Axes           | 3 |  3.6
Fighting       | 4 |  4.2
Armour         | 4 |  4.2
Maces & Flails | 1 |  1.2
Dodging        | |  0.2
Stealth        | |  0.1
Shields        | |  3.7

Action                     |  1- 3 |  4- 6 || total
---------------------------+-------+-------++-------
  Melee: War axe           |    33 |       ||    33
         Mace              |    51 |    27 ||    78
    Use: Potion            |     3 |       ||     3
 Armour: Scale mail        |    45 |    17 ||    62
  Dodge: Dodged            |    44 |    21 ||    65
  Block: Buckler           |    24 |    10 ||    34
